 Dungeon Crawl Stone Soup version 0.30-a0-634-g8abc85282e (webtiles) character file.

Game seed: 2019386908227065882

74 bande the Trooper (level 4, -2/29 HPs)
             Began as a Gargoyle Fighter on Jan 14, 2023.
             Slain by Crazy Yiuf
             ... wielding a +3 quarterstaff of chaos
              (3 damage)
             ... on level 2 of the Dungeon.
             The game lasted 00:02:56 (1294 turns).

bande the Trooper (Gargoyle Fighter)                Turns: 1294, Time: 00:02:57

Health: -2/29      AC: 15    Str: 20    XL:     4   Next: 28%
Magic:  4/4        EV:  5    Int:  8    God:
Gold:   60         SH:  4    Dex: 11    Spells: 3/3 levels left

rFire   . . .      SeeInvis .    a - +0 war axe
rCold   . . .      Faith    .    c - +0 buckler
rNeg    + . .      Spirit   .    e - +0 plate armour
rPois   ∞          Reflect  .    (no helmet)
rElec   +          Harm     .    (no cloak)
rCorr   .          Rampage  .    (no gloves)
Will    .....                    (no boots) Stlth
                                 (no amulet)
HPRegen 0.24/turn                (no ring)
MPRegen 0.09/turn                (no ring)

@: no status effects
A: sickness immunity, AC +3, negative energy resistance 1, electricity
resistance, torment resistance 1, petrification resistance
a: no special abilities


You were on level 2 of the Dungeon.
You visited 1 branch of the dungeon, and saw 2 of its levels.

You collected 60 gold pieces.

Inventory:

Hand Weapons
 a - a +0 war axe (weapon)
Armour
 c - a +0 buckler (worn)
 e - a +0 plate armour (worn)
Scrolls
 f - 2 scrolls of identify {unknown}
 g - 2 scrolls of amnesia {unknown}
 h - a scroll of silence {unknown}
 l - 2 scrolls of enchant armour {unknown}
 m - 2 scrolls of vulnerability {unknown}
 o - a scroll of teleportation {unknown}
 p - a scroll of poison {unknown}
Potions
 b - a potion of curing {unknown}
 d - 2 potions of might
 i - a potion of heal wounds {unknown}
 j - 2 potions of mutation {unknown}
 k - 4 potions of lignification {unknown}
 n - a potion of magic {unknown}


   Skills:
 + Level 3.8 Fighting
 + Level 3.1 Axes
 + Level 3.6 Armour
 + Level 3.7 Shields


You had 3 spell levels left.
You didn't know any spells.
Your spell library contained the following spells:

 Spells                   Type           Power      Damage    Failure   Level
 Ensorcelled Hibernation  Hex/Ice        0%         N/A       100%        2
 Passwall                 Tmut/Erth      0%         N/A       100%        2
 Dazzling Flash           Conj/Hex       0%         N/A       100%        3
 Swiftness                Air            0%         N/A       100%        3
 Iskenderun's Mystic Bla  Conj/Tloc      0%         2d3       100%        4
 Starburst                Conj/Fire      0%         6d3       100%        6


Dungeon Overview and Level Annotations

Branches:
Dungeon (2/15)

Altars:

Annotations:
D:2 Crazy Yiuf


Innate Abilities, Weirdness & Mutations

You are immune to sickness and miasma.
Your stone body is resilient. (AC +3)
You are immune to poison.
You resist negative energy. (rN+)
You are resistant to electric shocks. (rElec)
You are resistant to unholy torment.
You are immune to petrification.


Message History

Found a stone staircase leading down.
You see here 6 stones.
Found a stone staircase leading up.
No target in view!
No target in view!
There is a stone staircase leading down here.
There is a stone staircase leading up here.
Found 7 stones.
k - 4 fuming black potions (gained 1)
You see here 7 stones.
Found a hammer.
Found a runed translucent door.
No target in view!
No target in view!
You see here a +0 club.
Things that are here:
a +0 whip; 5 stones You see here a +0 robe.
There is a stone staircase leading up here.
Crazy Yiuf shouts!
Could not explore, unopened runed door.
You open the door. You slash Crazy Yiuf!
Crazy Yiuf is severely wounded.
Crazy Yiuf hits you with a +3 quarterstaff of chaos!
You are confused.
Crazy Yiuf laughs, "Millenium ena tortoise!"
Crazy Yiuf hits you but does no damage. Space warps around you.
You bump into the tree.
Crazy Yiuf hits you with a +3 quarterstaff of chaos.
You hit Crazy Yiuf.
Crazy Yiuf is severely wounded.
Crazy Yiuf hits you with a +3 quarterstaff of chaos!
* * * LOW HITPOINT WARNING * * *
Crazy Yiuf burns you.
* * * LOW HITPOINT WARNING * * *
You hit Crazy Yiuf.
Crazy Yiuf is almost dead.
You feel less confused.
Crazy Yiuf hits you with a +3 quarterstaff of chaos.
You die...

##########♣♣♣♣♣
#......#....♣.♣♣♣ ###
#.#.###......♣..♣#...#
....##......♣♣♣♣@g...#
#.####.....♣♣ ♣♣#..)#
#......###♣♣ ###
.....)..# ........#
........## .......(.#
.........########
.........##.....#


You could see Crazy Yiuf.

Vanquished Creatures
  2 adders (D:2)
  A worm (D:2)
  2 dart slugs (D:2)
  6 ball pythons (D:1)
  5 endoplasms
  4 giant cockroaches
  3 goblins
  4 hobgoblins
  4 kobolds
  2 quokkas
  6 bats
  3 frilled lizards
  3 rats
45 creatures vanquished.

Notes
Turn   | Place    | Note
-------+----------+-------------------------------------------
     0 | D:1      | bande the Gargoyle Fighter began the quest for the Orb.
     0 | D:1      | Reached XP level 1. HP: 14/14 MP: 1/1
    96 | D:1      | Reached XP level 2. HP: 19/19 MP: 2/2
   191 | D:1      | Found a faded altar of an unknown god.
   305 | D:1      | Reached XP level 3. HP: 21/24 MP: 3/3
   993 | D:2      | Reached XP level 4. HP: 29/29 MP: 4/4
  1176 | D:2      | Found a runed translucent door.
  1177 | D:2      | Noticed Crazy Yiuf
  1293 | D:2      | HP: 1/29 [Crazy Yiuf/+3 quarterstaff of chaos (4)]
  1294 | D:2      | Slain by Crazy Yiuf

Illustrated notes

Levels and vault maps discovered:
D:1:      minmay_arrival_diagonal_passages, layout_rooms,
          nicolae_ecumenical_lake_church
D:2:      layout_rooms, minmay_split_cup_large, uniq_crazy_yiuf_cottage

Skill      XL: |  1  2  3  4 |
---------------+-------------+-----
Axes           | 2 3 |  3.1
Fighting       | |  3.8
Armour         | |  3.6
Shields        | |  3.7

Action                   |  1- 3 |  4- 6 || total
-------------------------+-------+-------++-------
Melee: War axe           |   104 |    23 ||   127
Armor: Plate armour      |   107 |    14 ||   121
       Scale mail        |     6 |       ||     6
Dodge: Dodged            |    30 |     8 ||    38
Block: Buckler           |    29 |     5 ||    34

Table legend: (Time is in decaauts)
 A = Elapsed time spent in this place.
 B = Non-inter-level travel time spent in this place.
 C = Inter-level travel time spent in this place.
 D = Time resting spent in this place.
 E = Time spent auto-exploring this place.
 F = Levels seen in this place.
 G = Mean time per level.
                   A        B        C        D        E       F      G
               +--------+--------+--------+--------+--------+-----+--------+
         Total |   1348 |   1298 |     50 |     47 |    910 |   2 |  674.0 |
       Dungeon |   1348 |   1298 |     50 |     47 |    910 |   2 |  674.0 |
               +--------+--------+--------+--------+--------+-----+--------+

Top non-repeatable levels by time:
     D:1: 701 daAuts
     D:2: 647 daAuts
